 Dungeon Crawl Stone Soup version 0.20.1-1-g8b1a95d (webtiles) character file.

11452 WiZmei the Blocker (level 11, -5/68 HPs)
             Began as a Gargoyle Fighter on Nov 30, 2017.
             Was a Priest of the Shining One.
             Slain by an orc warrior
             ... wielding a +0 scimitar
              (15 damage)
             ... on level 1 of the Orcish Mines.
             The game lasted 00:56:07 (12071 turns).

WiZmei the Blocker (Gargoyle Fighter)              Turns: 12071, Time: 00:56:07

Health: -5/68      AC: 23    Str: 28    XL:     11   Next: 78%
Magic:  10/10      EV: 10    Int:  9    God:    the Shining One [***...]
Gold:   970        SH: 19    Dex:  9    Spells: 10/10 levels left

rFire    . . .     SeeInvis .   G - +1 hand axe of Enna {protect, rC+}
rCold    + + .     Gourm    .   r - +0 large shield
rNeg     + + +     Faith    .   s - +1 ring mail of the Dragon {rN+}
rPois    ∞         Spirit   .   (no helmet)
rElec    +         Reflect  .   (no cloak)
rCorr    .         Harm     .   F - +0 pair of gloves
MR       +....                  (no boots)
Stlth    +.........             l - amulet of rage
Regen    0.3/turn               c - ring of Oseamo {rElec rPois MR+}
MPRegen  0.2/turn               (no ring)

@: mighty, protection aura, glowing
A: claws 1, cold resistance 1, low mp 1, negative energy resistance 1,
electricity resistance, unbreathing, petrification resistance, rot immunity, AC
+7
a: Divine Shield, Renounce Religion, Evoke Berserk Rage


You were on level 1 of the Orcish Mines.
You worshipped the Shining One.
The Shining One was most pleased with you.
You were not hungry.

You visited 2 branches of the dungeon, and saw 12 of its levels.

You collected 970 gold pieces.

Inventory:

Hand Weapons
 a - a +0 flail
 w - a +1 shortbow of freezing
 G - the +1 hand axe of Enna (weapon) {protect, rC+}
   (You found it on level 9 of the Dungeon)

   It protects the one who uses it against injury (+AC on strike).
   It protects you from cold.
Missiles
 x - 25 arrows
 C - 5 tomahawks of returning (quivered)
Armour
 r - a +0 large shield (worn)
 s - the +1 ring mail of the Dragon (worn) {rN+}
   (You found it on level 6 of the Dungeon)

   It protects you from negative energy.
 t - a +0 ring mail of cold resistance
 u - a +0 plate armour
 F - a +0 pair of gloves (worn)
Jewellery
 c - the ring of Oseamo (left hand) {rElec rPois MR+}
   (You found it on level 7 of the Dungeon)

   [ring of poison resistance]

   It insulates you from electricity.
   It protects you from poison.
   It affects your resistance to hostile enchantments.
 j - an uncursed amulet of faith
 l - an amulet of rage (around neck)
Wands
 b - a wand of flame (22/48)
 i - a wand of flame (18/48)
 B - a wand of digging (10/24)
 J - a wand of lightning (4/15)
Scrolls
 d - 2 scrolls of enchant weapon {unknown}
 e - 5 scrolls of teleportation
 g - a scroll of recharging {unknown}
 m - a scroll of random uselessness {unknown}
 n - 2 scrolls of remove curse
 p - a scroll of fear {unknown}
 v - a scroll of enchant armour {unknown}
 y - a scroll of amnesia
Potions
 k - a potion of degeneration {unknown}
 o - 5 potions of curing
 A - 3 potions of cancellation {unknown}
 E - a potion of flight {unknown}
 H - a potion of agility {unknown}
Comestibles
 f - 6 bread rations
 h - 9 royal jellies
 z - 3 chunks of flesh


   Skills:
 + Level 7.8 Fighting
 + Level 2.2(6.7) Axes
 + Level 10.7(10.9) Maces & Flails
 + Level 6.5 Armour
 + Level 5.5 Dodging
 + Level 1.4 Stealth
 + Level 11.4 Shields
 + Level 0.3 Evocations


You had 10 spell levels left.
You didn't know any spells.

Dungeon Overview and Level Annotations

Branches:
Dungeon (10/15)            Temple (0/1) D:4             Orc (2/2) D:9
   Lair: D:8-11         Elf: Orc:2

Altars:
Dithmenos
Hepliaklqana
Okawaru
Qazlal
Sif Muna
Vehumet
Zin
The Shining One


Innate Abilities, Weirdness & Mutations

You are resistant to torment.
Your stone body is resilient. (AC +7)
You are immune to poison.
You resist negative energy. (rN+)
You are resistant to electric shocks. (rElec)
You can survive without breathing.
You are immune to petrification.
You are immune to rotting.
You have sharp fingernails.
Your flesh is cold resistant. (rC+)
Your magical capacity is low. (-10% MP)


Message History

The troll barely misses you.
You feel very mighty all of a sudden. You block the orc warrior's attack.
You block the troll's attack. x2
The troll closely misses you.
You slash the troll!
The troll is moderately wounded.
You slash the orc warrior! You block the orc warrior's attack.
The troll bites you.
* * * LOW HITPOINT WARNING * * *
You block the troll's attack. The troll claws you but does no damage.
You completely miss the orc warrior.
The orc warrior is moderately wounded.
You hit the troll. The orc warrior barely misses you. The troll bites you!
* * * LOW HITPOINT WARNING * * *
You block the troll's attack. The troll claws you but does no damage.
You barely miss the orc warrior.
The orc warrior is moderately wounded.
You slash the troll!
The orc warrior hits you with a scimitar!
You die...

**,** *,,,* **,##
*,..# ***
*###..##*******,*
##.#.....*,*,*,,,,
#........,,,,,,,,*
##.o......,,*,,,,*,
#.@T.#,**,,,,,,,,*,
##....#*,,**,,,,,,,
##...#,>***,,,,,,,
*.....,**,,,,,,**
*##....#,,,,,,,,*
*,,...#.,,,_,,,**
***,,,....,,,,,,**
*,*,,,#...,,,,,,*
*,,,****,,,*,****


You could see a troll and an orc warrior.

Vanquished Creatures
  Erica (D:10)
  The ghost of Mimshu the Cutter, a novice TrFi of Yredelemnul (D:8)
  The ghost of Lanoc the Cleaver, a novice HOBe of Beogh (D:6)
  Pikel (D:5)
  A centaur skeleton (D:10)
  A queen bee (D:8)
  3 trolls
  A hornet (D:10)
  A hippogriff (D:7)
  9 yaks
  A steam dragon (D:9)
  A warg (D:10)
  A water moccasin (D:8)
  2 insubstantial wisps (D:9)
  Duvessa (D:5)
  An ice beast (D:6)
  3 sky beasts (D:9)
  A necrophage (D:8)
  11 orc warriors
  3 phantoms
  7 ogres
  4 centaurs
  7 bullfrogs
  A wyvern zombie (D:9)
  Dowan (D:5)
  3 scorpions
  17 killer bees (D:8)
  2 howler monkeys
  4 crimson imps
  2 bullfrog zombies
  A quasit (D:8)
  4 hounds
  2 orc priests
  A centaur zombie (D:5)
  2 jellies
  17 orc wizards
  6 bullfrog skeletons
  2 iguanas (D:8)
  Terence (D:3)
  6 worker ants
  3 gnolls (D:9)
  9 adders
  A shadow imp (D:9)
  3 oozes
  An adder zombie (D:9)
  2 worms
  6 leopard geckos
  68 orcs
  3 bats
  3 giant cockroaches
  10 goblins
  5 hobgoblins
  12 jackals
  5 quokkas
  A ball python (D:3)
  2 frilled lizards (D:2)
  A jackal skeleton (D:5)
  3 kobolds
  A leopard gecko skeleton (D:5)
  A leopard gecko zombie (D:8)
  A quokka skeleton (D:3)
  6 rats
282 creatures vanquished.

Vanquished Creatures (others)
  A necrophage (D:5)
  An orc (D:9)
2 creatures vanquished.

Grand Total: 284 creatures vanquished

Notes
Turn   | Place    | Note
-------+----------+-------------------------------------------
     0 | D:1      | WiZmei the Gargoyle Fighter began the quest for the Orb.
     0 | D:1      | Reached XP level 1. HP: 14/14 MP: 1/1
   279 | D:1      | Reached XP level 2. HP: 19/19 MP: 2/2
   883 | D:2      | Reached XP level 3. HP: 19/23 MP: 3/3
  1342 | D:2      | Reached XP level 4. HP: 29/29 MP: 4/4
  1560 | D:2      | Reached skill level 4 in Shields
  2234 | D:3      | Reached XP level 5. HP: 32/33 MP: 5/5
  2461 | D:3      | Found a glowing golden altar of the Shining One.
  2473 | D:3      | Became a worshipper of the Shining One
  2502 | D:3      | Noticed Terence
  2520 | D:3      | Killed Terence
  2520 | D:3      | Reached skill level 1 in Dodging
  2657 | D:3      | Gained mutation: Your flesh is cold resistant. (rC+) [potion of mutation]
  2657 | D:3      | Gained mutation: Your magical capacity is low. (-10% MP) [potion of mutation]
  2657 | D:3      | Gained mutation: You have sharp fingernails. [potion of mutation]
  2973 | D:4      | Found a staircase to the Ecumenical Temple.
  3019 | D:4      | Noticed an ogre
  3039 | D:5      | Entered Level 5 of the Dungeon
  3123 | D:5      | Reached XP level 6. HP: 28/38 MP: 5/5
  3354 | D:5      | Noticed a slave
  3355 | D:5      | Noticed Pikel
  3355 | D:5      | Noticed a slave
  3355 | D:5      | Noticed a slave
  3358 | D:5      | Noticed a slave
  3363 | D:5      | Noticed a necrophage
  3374 | D:5      | Killed Pikel
  3374 | D:5      | Reached skill level 5 in Maces & Flails
  3374 | D:5      | Reached skill level 5 in Shields
  3374 | D:5      | Reached XP level 7. HP: 30/43 MP: 6/6
  3495 | D:5      | Noticed Duvessa
  3495 | D:5      | Noticed Dowan
  3511 | D:5      | Killed Duvessa
  3511 | D:5      | Reached skill level 5 in Armour
  3511 | D:5      | Reached skill level 6 in Shields
  3511 | D:5      | Reached XP level 8. HP: 39/48 MP: 7/7
  3519 | D:5      | Killed Dowan
  4240 | D:6      | Reached skill level 1 in Stealth
  4275 | D:6      | Noticed Lanoc's ghost (novice HOBe)
  4343 | D:6      | Killed Lanoc's ghost
  4343 | D:6      | Reached * piety under the Shining One
  4343 | D:6      | Reached skill level 5 in Fighting
  4343 | D:6      | Reached skill level 7 in Shields
  4343 | D:6      | Reached XP level 9. HP: 12/54 MP: 8/8
  4821 | D:6      | Found a shadowy altar of Dithmenos.
  4936 | D:6      | Got a fine ring mail
  4956 | D:6      | Identified the +1 ring mail of the Dragon {rN+} (You found it on level 6 of the Dungeon)
  5440 | D:7      | Got a coiled amber ring
  5455 | D:7      | Found a deep blue altar of Sif Muna.
  5486 | D:7      | Identified the ring of Oseamo {rElec rPois MR+} (You found it on level 7 of the Dungeon)
  5737 | D:7      | Reached skill level 8 in Shields
  5899 | D:7      | Found a radiant altar of Vehumet.
  6096 | D:7      | Reached ** piety under the Shining One
  6457 | D:8      | Noticed Mimshu's ghost (novice TrFi)
  6491 | D:8      | Killed Mimshu's ghost
  6491 | D:8      | Reached XP level 10. HP: 43/60 MP: 9/9
  6612 | D:8      | Reached skill level 9 in Shields
  6763 | D:8      | Found a hazy altar of Hepliaklqana.
  7487 | D:8      | Found a stormy altar of Qazlal.
  8297 | D:9      | Found a flagged portal.
  8390 | D:9      | Reached skill level 10 in Shields
  8819 | D:9      | Reached skill level 10 in Maces & Flails
  8819 | D:9      | Reached XP level 11. HP: 66/66 MP: 10/10
  8845 | D:9      | Reached skill level 5 in Dodging
  8891 | D:9      | Reached *** piety under the Shining One
  9195 | D:10     | Entered Level 10 of the Dungeon
  9303 | D:10     | Noticed Erica
  9323 | D:10     | Killed Erica
  9865 | D:9      | Reached skill level 11 in Shields
 10049 | D:9      | Got a translucent hand axe
 10050 | D:9      | Identified the cursed +1 hand axe of Enna {protect, rC+} (You found it on level 9 of the Dungeon)
 10138 | D:9      | Found a staircase to the Orcish Mines.
 10180 | D:9      | Found a glowing silver altar of Zin.
 10433 | D:9      | Found an iron altar of Okawaru.
 10459 | Orc:1    | Entered Level 1 of the Orcish Mines
 10870 | Orc:1    | Reached skill level 1 in Axes
 11028 | Orc:2    | Entered Level 2 of the Orcish Mines
 12071 | Orc:1    | Slain by an orc warrior

Skill      XL: |  1  2  3  4  5  6  7  8  9 10 11 |
---------------+----------------------------------+-----
Shields        | 4 5 6 7 8 10 11 | 11.4
Maces & Flails | 3 5 6 8 10 | 10.7
Armour         | 4 5 6 |  6.5
Dodging        | 1 2 3 4 5 |  5.5
Fighting       | 4 5 6 7 |  7.8
Stealth        | 1 |  1.4
Axes           | 2 |  2.2
Evocations     | |  0.3

Action                   |  1- 3 |  4- 6 |  7- 9 | 10-12 || total
-------------------------+-------+-------+-------+-------++-------
Melee: Flail             |    84 |   283 |   290 |   474 ||  1131
       Hand axe          |       |       |       |   292 ||   292
Evoke: Wand              |       |       |     3 |     1 ||     4
  Use: Scroll            |       |     6 |     3 |     7 ||    16
       Potion            |       |     3 |     4 |     3 ||    10
  Eat: Chunk             |     1 |     7 |     6 |    15 ||    29
       Bread ration      |       |       |     1 |     1 ||     2
Armor: Scale mail        |    46 |   178 |    32 |       ||   256
       Skin              |       |       |    34 |       ||    34
       Ring mail         |       |       |    60 |   206 ||   266
Dodge: Dodged            |    27 |   128 |    66 |   226 ||   447
Block: Shield            |    39 |   200 |    19 |       ||   258
       Large shield      |       |       |   204 |   780 ||   984
